Map: Ulrena

Players

Stuffe

  • Race: Zerg Zerg
  • League: Gold
  • Spawn Location: 7:00

zidar - Winner!

  • Race: Zerg Zerg
  • League: Gold
  • Spawn Location: 11:00

VOD

Have the link to the VOD?

Description

Time

  • Played on: May 14, 2016, 10:54 a.m.
  • Length: 3:10
Show
View Real Time Build Order
Export as new Build Order

Stuffe Zerg 

Build Orders: Pool First 

Get SALT Encoding   

  12  0:01  Drone  
  13  0:08  Drone  
  14  0:26  Spawning Pool  
  13  0:34  Overlord  
  13  0:39  Drone  
  14  0:58  Drone  
  15  1:04  Extractor  
  15  1:09  Extractor  
  13  1:15  Zergling x2  
  14  1:19  Zergling x2  
  14  1:20  Hatchery  
  14  1:23  Zergling x2  
  15  1:32  Drone  
  15  1:39  Drone  
  17  1:51  Drone  
  17  1:53  Queen  
  19  2:10  Spine Crawler  
  19  2:12  Drone  
  19  2:31  Baneling Nest  
  19  2:36  Drone x2  
  18  3:03  Spine Crawler  
Show
View Real Time Build Order
Export as new Build Order

zidar Zerg - Winner!

Build Orders: Pool Only 

Get SALT Encoding   

  12  0:02  Drone  
  13  0:23  Spawning Pool  
  12  0:29  Drone  
  12  0:30  Extractor  
  12  0:33  Drone  
  13  0:37  Drone  
  14  0:46  Overlord  
  14  1:10  Zergling x2  
  14  1:11  Queen  
  17  1:12  Zergling x2  
  17  1:16  Zergling x2  
  19  1:28  Zergling x2  
  19  1:30  Metabolic Boost  
  20  1:35  Zergling x2  
  21  1:45  Overlord  
  21  2:10  Zergling x4  
  23  2:24  Zergling x8  
Tags
 
League
GoldGold
Matchup
ZvZ
Race
Zerg
Spawn Locations
Close Positions
Add a new tag
Caveats
  • Supply blocks, unpowered buildings, or Contaminate may cause inaccurate times.
  • Supply counts are checked every 10 seconds.